 Dungeon Sprint DCSS version 0.18-a0-1562-gac8da35 (webtiles) character file.

5 pipel the Grave Robber (level 1, -1/21 HPs)
             Began as a Minotaur Necromancer on Mar 13, 2016.
             Was a Follower of Makhleb.
             Slain by a worker ant (7 damage)
             ... in the Dungeon (Sprint VII: "The Pits").
             The game lasted 00:01:01 (84 turns).

pipel the Grave Robber (Minotaur Necromancer)         Turns: 84, Time: 00:01:01

Health: -1/21      AC:  2    Str: 17    XL:     1   Next: 66%
Magic:  1/1        EV: 12    Int: 12    God:    Makhleb [*.....]
Gold:   0          SH:  0    Dex: 10    Spells: 2 memorised, 0 levels left

rFire  . . .     SeeInvis .     a - +2 trident
rCold  . . .     Gourm    .     k - +0 robe
rNeg   . . .     Faith    .     (no shield)
rPois  .         Spirit   .     (helmet restricted)
rElec  .         Dismiss  .     (no cloak)
rCorr  .         Reflect  .     (no gloves)
SustAt .         Harm     .     (no boots)
MR     .....     NoTele   +     (no amulet)
Stlth  ..........               (no ring)
                                (no ring)

@: berserking, very quick, not resistant to hostile enchantments, extremely
unstealthy
A: retaliatory headbutt, horns 2
a: Renounce Religion


You were in the Dungeon.
You worshipped Makhleb.
Makhleb was aware of your devotion.
You were not hungry.

You visited 1 branch

Inventory:

Hand Weapons
 a - a +2 trident (weapon)
 j - a +2 hand axe
Missiles
 o - 12 stones (quivered)
Armour
 k - a +0 robe (worn)
Magical Staves
 p - an uncursed staff of energy
Scrolls
 i - a scroll of blinking
 q - 3 scrolls of remove curse
 r - 5 scrolls of amnesia
 s - a scroll of summoning
 t - 2 scrolls of vulnerability
Potions
 d - a potion of curing
 e - a potion of heal wounds
 f - a potion of haste
 g - 4 potions of magic
 h - 2 potions of berserk rage
 n - 2 potions of invisibility
Books
 b - a book of Necromancy

   Spells                             Type                      Level
   a - Pain                           Necromancy                   1
   b - Animate Skeleton               Necromancy                   1
   c - Vampiric Draining              Necromancy                   3
   d - Regeneration                   Charms/Necromancy            3
   e - Animate Dead                   Necromancy                   4
   f - Control Undead                 Necromancy                   4
Comestibles
 c - 8 bread rations
 l - 40 fruits
 m - 7 meat rations


   Skills:
 + Level 0.2 Fighting
 - Level 2.3 Dodging
 - Level 1.6 Stealth
 + Level 1.4 Spellcasting
 + Level 3.8 Necromancy


You couldn't memorise any spells.
You knew the following spells:

 Your Spells              Type           Power        Failure   Level  Hunger
a - Animate Skeleton      Necr           N/A          8%          1    ##.....
b - Pain                  Necr           ##..         8%          1    ##.....


Dungeon Overview and Level Annotations

Branches:
Dungeon (1/1)

Altars:
Ashenzari
Cheibriados
Dithmenos
Elyvilon
Fedhas
Kikubaaqudgha
Makhleb
Nemelex Xobeh
Okawaru
Pakellas
Ru
Sif Muna
Trog
Vehumet
Xom
Yredelemnul
Zin
The Shining One
Beogh
Jiyva
Lugonu


Innate Abilities, Weirdness & Mutations

You reflexively headbutt those who attack you in melee.
You have a pair of horns on your head.


Message History

The worker ant twitches its antennae in your direction.
The giant gecko bites you.
* * * LOW HITPOINT WARNING * * *
The worker ant moves out of view.
The giant gecko bites you but does no damage.
You take 2 damage, and have 4/14 hp.
Drink which item? (? for menu, Esc to quit)
A red film seems to cover your vision as you go berserk!
You feel yourself moving faster!
You feel mighty! The giant gecko barely misses you. You furiously retaliate!
You headbutt the giant gecko!!
You kill the giant gecko!
Makhleb accepts your kill.
You now have 6/21 hp.
You swing at nothing.
You feel a strong urge to attack something.
You puncture the worker ant!
The worker ant is almost dead.
The worker ant bites you!
You die...

#.).'.'..##...........
#)))#.#..##......#..#
#######'#####..........
#...........'...........
#+#####'#####......#..#.
#.).'.##...........
#...#.#####'#####+
#####.##.......#
#@##.......#
+((.a.##.......#
########...<...#
#.......# #.......#
#.......# #########


You could see a worker ant.

Vanquished Creatures
  A giant gecko (D)
  A giant cockroach (D)
  A kobold (D)
  A rat (D)
4 creatures vanquished.

Notes
Turn   | Place    | Note
--------------------------------------------------------------
     0 | D        | pipel the Minotaur Necromancer began the quest for the Orb.
     0 | D        | Reached XP level 1. HP: 14/14 MP: 1/1
    15 | D        | Reached skill level 3 in Necromancy
    36 | D        | Found a sacrificial altar of Ru.
    36 | D        | Found a basalt altar of Yredelemnul.
    36 | D        | Found a glowing golden altar of the Shining One.
    36 | D        | Found a deep blue altar of Sif Muna.
    36 | D        | Found a burning altar of Makhleb.
    36 | D        | Found an ancient bone altar of Kikubaaqudgha.
    36 | D        | Found a glowing silver altar of Zin.
    37 | D        | Found a shadowy altar of Dithmenos.
    37 | D        | Found a bloodstained altar of Trog.
    37 | D        | Found a shattered altar of Ashenzari.
    37 | D        | Found a white marble altar of Elyvilon.
    37 | D        | Found a snail-covered altar of Cheibriados.
    37 | D        | Found a blossoming altar of Fedhas.
    37 | D        | Found a radiant altar of Vehumet.
    37 | D        | Found a shimmering altar of Xom.
    37 | D        | Found a sparkling altar of Nemelex Xobeh.
    37 | D        | Found a corrupted altar of Lugonu.
    37 | D        | Found a viscous altar of Jiyva.
    37 | D        | Found a roughly hewn altar of Beogh.
    37 | D        | Found an iron altar of Okawaru.
    38 | D        | Found an oddly glowing altar of Pakellas.
    40 | D        | Became a worshipper of Makhleb the Destroyer
    62 | D        | Reached * piety under Makhleb
    67 | D        | Learned a level 1 spell: Animate Skeleton
    81 | D        | Noticed a worker ant
    84 | D        | Slain by a worker ant

Vault maps used:
D:        pitsprint

Skill      XL: |  1 |
---------------+----+-----
Necromancy     | 3 |  3.8
Fighting       | |  0.2
Dodging        | |  2.3
Stealth        | |  1.6
Spellcasting   | |  1.4

Action                   || total
-------------------------++-------
Melee: Unarmed           ||     6
       Trident           ||     6
Throw: Stone             ||     2
 Cast: Pain              ||     1
  Use: Potion            ||     1
